 Dungeon Crawl Stone Soup version 0.17-a0-1923-gc35365e (webtiles) character file.

193 mcbry74 the Ruffian (level 5, -11/53 HPs)
             Began as a Troll Monk on Sept 28, 2015.
             Mangled by an ogre
             ... wielding a +0 giant club
              (17 damage)
             ... on level 4 of the Dungeon.
             The game lasted 00:10:57 (1812 turns).

mcbry74 the Ruffian (Troll Monk)                    Turns: 1812, Time: 00:10:57

Health: -11/53     AC:  6    Str: 20    XL:     5   Next: 43%
Magic:  4/4        EV: 10    Int:  6    God:    Xom [..*...]
Gold:   151        SH:  0    Dex: 12    Spells: 0 memorised, 4 levels left

rFire  . . .     SeeInvis .       - Unarmed
rCold  . . .     Clarity  .     a - +1 robe
rNeg   . . .     SustAt   +     (no shield)
rPois  .         Gourm    +     (helmet restricted)
rElec  .         Spirit   .     (no cloak)
rCorr  .         Warding  .     (gloves unavailable)
rMut   .         Stasis   .     (boots unavailable)
MR     .....                    (no amulet)
Stlth  +.........               (no ring)
                                p - ring of sustain attributes

@: not resistant to hostile enchantments, very unstealthy
A: unfitting armour, claws 3, fast metabolism 3, gourmand, regeneration 2,
shaggy fur 1, tough skin 2
a: Renounce Religion


You were on level 4 of the Dungeon.
You worshipped Xom.
You were a toy of Xom.
You were hungry.

You visited 1 branch of the dungeon, and saw 4 of its levels.

You collected 151 gold pieces.

Inventory:

Armour
 a - a +1 robe (worn)
Jewellery
 p - a ring of sustain attributes (left claw)
Scrolls
 e - 3 scrolls of enchant weapon
 f - 3 scrolls of identify
 g - a scroll of fog
 q - 6 scrolls of remove curse
 v - a scroll of magic mapping {unknown}
Potions
 d - 2 potions of curing {unknown}
 k - a potion of cancellation {unknown}
 l - 2 potions of might {unknown}
 m - a potion of flight {unknown}
 n - a potion of brilliance {unknown}
 o - 3 potions of poison {unknown}
 t - a potion of degeneration {unknown}
 u - 2 potions of cure mutation {unknown}
 w - a potion of heal wounds {unknown}
Comestibles
 b - 5 bread rations
 c - 4 fruits
 h - a slice of pizza
 i - 3 meat rations
 j - a beef jerky


   Skills:
 + Level 3.1 Fighting
 - Level 2.4 Dodging
 - Level 1.1 Stealth
 * Level 6.3 Unarmed Combat


You had 4 spell levels left.
You didn't know any spells.

Dungeon Overview and Level Annotations

Branches:
Dungeon (4/15)
 Temple: D:4-7

Altars:
Xom


Innate Abilities, Weirdness & Mutations

You are too large for most types of armour.
You have claws for hands.
Your metabolism is lightning-fast.
You like to eat raw meat.
You heal very quickly.
You are covered in fur (AC +1).
You have very tough skin (AC +2).


Message History

The ogre is moderately wounded.
The ogre barely misses you.
You barely miss the ogre.
The ogre is moderately wounded.
The ogre closely misses you.
You scratch the ogre but do no damage.
The ogre is moderately wounded. "See what I see, my child!"
You detect creatures!
You barely miss the ogre.
The ogre is moderately wounded.
The ogre hits you with a giant club!!
Ouch! That really hurt!
* * * LOW HITPOINT WARNING * * *
A shower of butterflies erupts from you!
You claw the ogre!
The ogre is severely wounded.
The ogre hits you with a giant club!
You die...
Xom cackles wildly!

........<... ........(... #
#####..........#. #. #########
#..............# ####.##.......#
#..............# >........####.#
#..b...........# ..............#
#b..............
..........#######Ow...#####......
..........##..bb@#.............##
#########....###b#.............#
###### #.#........ #.+........
###........ #........ l #........


r You could see an ogre and a worm.

Vanquished Creatures
  A scorpion (D:4)
  A hound (D:4)
  6 adders
  An ooze (D:1)
  2 worms
  An orc (D:4)
  A ball python (D:2)
  5 bats
  3 giant cockroaches
  3 goblins (D:1)
  5 hobgoblins
  2 jackals (D:4)
  8 kobolds
  2 giant geckos
  5 giant newts
  4 rats
50 creatures vanquished.

Notes
Turn   | Place    | Note
--------------------------------------------------------------
     0 | D:1      | mcbry74 the Troll Monk began the quest for the Orb.
     0 | D:1      | Reached XP level 1. HP: 22/22 MP: 0/0
    57 | D:1      | Reached XP level 2. HP: 27/29 MP: 1/1
   517 | D:2      | Reached XP level 3. HP: 29/36 MP: 2/2
   570 | D:2      | Reached skill level 5 in Unarmed Combat
   816 | D:2      | Reached XP level 4. HP: 44/44 MP: 3/3
  1108 | D:3      | Found a shimmering altar of Xom.
  1108 | D:3      | Found a shimmering altar of Xom.
  1109 | D:3      | Found a shimmering altar of Xom.
  1110 | D:3      | Found a shimmering altar of Xom.
  1112 | D:3      | Became a worshipper of Xom the Capricious
  1146 | D:3      | XOM: divination: detect items
  1550 | D:3      | XOM: harmless Fire miscast
  1751 | D:4      | Noticed an ogre
  1775 | D:4      | XOM: harmless Tloc miscast
  1783 | D:4      | XOM: divination: detect creatures
  1787 | D:4      | Reached skill level 6 in Unarmed Combat
  1787 | D:4      | Reached XP level 5. HP: 43/53 MP: 4/4
  1810 | D:4      | XOM: divination: detect creatures
  1811 | D:4      | XOM: butterfly on damage
  1812 | D:4      | Mangled by an ogre

Vault maps used:
D:1:      dpeg_arrival_connections
D:3:      first_bread, xom_redecorated
D:4:      lemuel_castle_with_subvaults, minmay_temple_entry_poolview,
          minmay_mini_ossuary, uniq_duvessa

Action                   |  1- 3 |  4- 6 || total
-------------------------+-------+-------++-------
Melee: Unarmed           |    62 |    64 ||   126
       Broad axe         |       |     5 ||     5
  Use: Scroll            |       |     7 ||     7
  Eat: Chunk             |     6 |     6 ||    12
       Fruit             |       |     1 ||     1
